 Dungeon Crawl Stone Soup version 0.29.1-1-gd02db6906a (webtiles) character file.

Game seed: 9085941876872827954

390 warriortoast the Magician (level 6, -5/32 HPs)
             Began as a Deep Elf Fire Elementalist on Sept 22, 2022.
             Slain by a gnoll sergeant
             ... wielding a +4 spear of electrocution
              (11 damage)
             ... while paralysed by a gnoll
             ... on level 4 of the Dungeon.
             The game lasted 00:13:08 (4959 turns).

warriortoast the Magician (DEFE)                    Turns: 4959, Time: 00:13:08

Health: -5/32      AC:  4    Str:  5    XL:     6   Next: 50%
Magic:  7/16       EV:  2    Int: 22    God:
Gold:   98         SH:  0    Dex: 15    Spells: 10/16 levels left

rFire   . . .      SeeInvis .   (no weapon)
rCold   . . .      Faith    .   (no shield)
rNeg    . . .      Spirit   .   a - +0 robe
rPois   .          Reflect  .   k - +0 helmet
rElec   .          Harm     .   (no cloak)
rCorr   .          Rampage  .   (no gloves)
Will    .....                   u - +0 pair of boots
Stlth   ++........              (no amulet)
HPRegen 0.10/turn               (no ring)
MPRegen 0.15/turn               (no ring)

@: paralysed
A: no striking features
a: no special abilities


You were on level 4 of the Dungeon.
You visited 1 branch of the dungeon, and saw 4 of its levels.

You collected 222 gold pieces.
You spent 124 gold pieces at shops.

Inventory:

Hand Weapons
 n - a +3 dagger of draining
 t - a +0 flail of protection
Missiles
 s - 5 javelins
Armour
 a - a +0 robe (worn)
 k - a +0 helmet (worn)
 u - a +0 pair of boots (worn)
Magical Staves
 c - a staff of earth
Jewellery
 p - an amulet of reflection
Scrolls
 e - a scroll of noise {unknown}
 f - a scroll of acquirement {unknown}
 h - a scroll of enchant weapon {unknown}
 l - 4 scrolls of teleportation {unknown}
 m - 4 scrolls of torment {unknown}
 o - 2 scrolls of vulnerability {unknown}
 v - a scroll of immolation {unknown}
Potions
 b - 3 potions of magic
 g - a potion of berserk rage
 i - a potion of heal wounds
 j - 2 potions of flight
 q - a potion of might
 r - a potion of curing
 w - a potion of mutation
 x - a potion of cancellation {unknown}


   Skills:
 - Level 2.4 Dodging
 - Level 2.4 Stealth
 + Level 5.8 Spellcasting
 + Level 4.3 Conjurations
 + Level 5.4 Fire Magic


You had 10 spell levels left.
You knew the following spells:

 Your Spells              Type           Power      Damage    Failure   Level
a - Foxfire               Conj/Fire      100%       2x1d9     1%          1
b - Scorch                Fire           60%        2d8       1%          2
c - Conjure Flame         Conj/Fire      27%        6-21      3%          3

Your spell library contained the following spells:

 Spells                   Type           Power      Damage    Failure   Level
 Necrotise                Necr           24%        1d5       10%         1
 Inner Flame              Hex/Fire       18%        N/A       10%         3
 Flame Wave               Conj/Fire      27%        2d9       13%         4
 Vampiric Draining        Necr           6%         2d6       28%         3
 Agony                    Necr           6%         N/A       95%         5


Dungeon Overview and Level Annotations

Branches:
Dungeon (4/15)
 Temple: D:4-7

Altars:
Ashenzari
Yredelemnul

Shops:
D:4 *

Annotations:
D:4 1 transporter, Iamsock's ghost, amateur DsFi


Message History

Casting: Scorch (safe; 1% risk of failure)
Confirm with . or Enter, or press ? or * to list all spells.
Flames lash the gnoll.
The gnoll is moderately wounded.
The gnoll's fire resistance burns away.
You hear a shout!
The gnoll hits you from afar with a +1 spear of chaos.
Casting: Scorch (safe; 1% risk of failure)
Confirm with . or Enter, or press ? or * to list all spells.
Flames lash the gnoll.
The gnoll is heavily wounded.
The gnoll's fire resistance burns away.
The gnoll barely misses you. x2
Casting: Scorch (safe; 1% risk of failure)
Confirm with . or Enter, or press ? or * to list all spells.
Flames lash the gnoll.
The gnoll is burned terribly!
You kill the gnoll!
The gnoll zaps a wand.
You resist with some effort.
Casting: Scorch (safe; 1% risk of failure)
Confirm with . or Enter, or press ? or * to list all spells.
Flames lash the gnoll.
The gnoll is moderately wounded.
The gnoll's fire resistance burns away.
The gnoll closely misses you.
The gnoll hits you from afar with a +0 spear.
Casting: Scorch (safe; 1% risk of failure)
Confirm with . or Enter, or press ? or * to list all spells.
Flames lash Iamsock's ghost.
Iamsock's ghost is moderately damaged.
Iamsock's ghost's fire resistance burns away.
The gnoll zaps a wand.
You suddenly lose the ability to move!
The gnoll is no longer more vulnerable to fire.
The gnoll zaps a wand.
You resist with some effort.
The now-empty wand crumbles to dust.
The gnoll is no longer more vulnerable to fire.
The gnoll hits you but does no damage.
The gnoll sergeant zaps a wand.
The puff of flame hits you!
The gnoll hits you from afar with a +0 spear.
The gnoll sergeant hits you from afar with a +4 spear of electrocution!
* * * LOW HITPOINT WARNING * * *
You are electrocuted!
You die...

.##.≈≈≈≈≈≈≈≈~≈≈≈≈≈≈≈≈.#
###.≈≈####...).####≈≈.#
#.≈≈#gW#8###8#..#≈≈.#
#.≈≈##.###.###.##≈≈.#
#.≈≈#...........#≈≈.##
##.≈≈###.##'##W###≈≈..#
##..≈≈..#(#...#g#..≈≈..#
....≈≈.##.#)..#.##.≈≈..#
###.≈≈.#..#.:.#.@#.≈≈..#
#.≈≈.##.#####.##.≈≈..#
#.....#.#8⌠8#g#..≈≈..#
#....©#.'g©.gg#©.~~..#
#.....#.#..g#.#..≈≈..#
###.≈≈.##.##.##.##.≈≈..#
..#.≈≈.#g.#...#..#.≈≈..#
#.#.≈≈.##.'...'.##.≈≈..#
#.#.≈≈..#.#...#.#..≈≈..#


You could see a gnoll sergeant, Iamsock's ghost (combustible) and 4 gnolls.

Vanquished Creatures
  An ice beast (D:3)
  A scorpion (D:4)
  An orc priest (D:4)
  2 iguanas
  A gnoll (D:4)
  6 adders
  2 worms (D:3)
  12 orcs
  7 ball pythons
  7 endoplasms
  A giant cockroach (D:3)
  7 goblins
  5 hobgoblins
  7 jackals (D:1)
  4 quokkas
  2 bats (D:2)
  6 frilled lizards
  4 kobolds
  4 rats
80 creatures vanquished.

Vanquished Creatures (collateral kills)
  8 foxfires (D:2)
8 creatures vanquished.

Vanquished Creatures (others)
  243 foxfires
  20 plants
263 creatures vanquished.

Grand Total: 351 creatures vanquished

Notes
Turn   | Place    | Note
-------+----------+-------------------------------------------
     0 | D:1      | warriortoast the Deep Elf Fire Elementalist began the quest
                  | for the Orb.
     0 | D:1      | Reached XP level 1. HP: 10/10 MP: 6/6
   387 | D:1      | Reached XP level 2. HP: 15/15 MP: 1/8
   988 | D:1      | Found a faded altar of an unknown god.
  1277 | D:1      | Learned a level 2 spell: Scorch
  1284 | D:2      | Reached XP level 3. HP: 19/19 MP: 2/10
  2304 | D:2      | Reached XP level 4. HP: 18/24 MP: 7/12
  2948 | D:3      | Found a basalt altar of Yredelemnul.
  3118 | D:3      | Found a broken altar of Ashenzari.
  3445 | D:3      | Noticed an ice beast
  3452 | D:3      | Killed an ice beast
  3453 | D:3      | Reached skill level 5 in Spellcasting
  3453 | D:3      | Reached XP level 5. HP: 28/28 MP: 4/14
  3530 | D:3      | Learned a level 3 spell: Conjure Flame
  3936 | D:4      | Found a transporter.
  4144 | D:4      | Reached skill level 5 in Fire Magic
  4292 | D:4      | Reached XP level 6. HP: 32/32 MP: 10/16
  4538 | D:4      | Found a transporter.
  4544 | D:4      | Identified the +6 scale mail of Optimism {-Cast rF++ Dex+8}
  4544 | D:4      | Noticed Iamsock's ghost (amateur DsFi)
  4839 | D:4      | Found Wicvav's Assorted Antiques.
  4846 | D:4      | Bought a scroll labelled FASCHA TUXAOMM for 26 gold pieces
  4846 | D:4      | Bought a scroll labelled KUGEYXKUSCH for 26 gold pieces
  4846 | D:4      | Bought a green potion for 23 gold pieces
  4846 | D:4      | Bought a glowing amethyst potion for 23 gold pieces
  4846 | D:4      | Bought a scroll labelled LOKOTH XOIR for 26 gold pieces
  4956 | D:4      | Paralysed by a gnoll for 4 turns
  4959 | D:4      | Slain by a gnoll sergeant

Illustrated notes

Levels and vault maps discovered:
D:1:      dpeg_arrival_water_temple_mockup, layout_loops_ring,
          chequers_ecumenical_altar_grove
D:2:      layout_loops_ring, serial_forest, infiniplex_forest_straight_4,
          infiniplex_forest_lined_room_, infiniplex_forest_clump_double,
          infiniplex_forest_end_double, infiniplex_forest_clump_tiny,
          infiniplex_forest_lined_4_way, infiniplex_forest_straight_3,
          infiniplex_forest_lined_room_2, infiniplex_forest_clump_double,
          infiniplex_forest_pool
D:3:      layout_basic, mainiacjoe_overflow_large_starburst,
          kennysheep_flooded_box
D:4:      layout_loops_ring, gammafunk_ghost_gnarly_gnolls, serial_shops, shop

Skill      XL: |  1  2  3  4  5  6 |
---------------+-------------------+-----
Conjurations   | 2 3 4 |  4.3
Fire Magic     | 4 5 |  5.4
Spellcasting   | 4 5 |  5.8
Dodging        | |  2.4
Stealth        | |  2.4

Action                   |  1- 3 |  4- 6 || total
-------------------------+-------+-------++-------
 Cast: Foxfire           |    95 |    74 ||   169
       Scorch            |     7 |    34 ||    41
  Use: Scroll            |       |     6 ||     6
Armor: Robe              |     8 |     5 ||    13
Dodge: Dodged            |    32 |     7 ||    39
